 Dungeon Crawl Stone Soup version 0.30-a0-1082-g70414cbcbb (webtiles) character file.

Game seed: 9234686598988878597

42 billz999 the Shooter (level 3, -2/33 HPs)
             Began as a Troll Hunter on Apr 15, 2023.
             Slain by a hobgoblin (3 damage)
             ... on level 3 of the Dungeon.
             The game lasted 00:03:38 (1052 turns).

billz999 the Shooter (Troll Hunter)                 Turns: 1052, Time: 00:03:39

Health: -2/33      AC:  0    Str: 21    XL:     3   Next: 33%
Magic:  2/2        EV: 10    Int:  5    God:
Gold:   12         SH:  0    Dex: 13    Spells: 2/2 levels left

rFire   . . .      SeeInvis .      - Unarmed
rCold   . . .      Faith    .    (no shield)
rNeg    . . .      Spirit   .    c - +0 robe
rPois   .          Reflect  .    (helmet restricted)
rElec   .          Rampage  .    (no cloak)
rCorr   .                        (gloves unavailable)
Will    .....                    (boots unavailable)
Stlth   +                        (no amulet)
HPRegen 1.05/turn                (no ring)
MPRegen 0.08/turn                (no ring)

@: corroded
A: large, unfitting armour, claws 3, regeneration 1, shaggy fur 1, tough skin 1
a: no special abilities


You were on level 3 of the Dungeon.
You visited 1 branch of the dungeon, and saw 3 of its levels.

You collected 12 gold pieces.

Inventory:

Hand Weapons
 a - a +0 shortbow
Missiles
 f - 4 poisoned darts
Armour
 c - a +0 robe (worn)
 d - a +0 tower shield
Jewellery
 h - a +6 ring of intelligence
Scrolls
 b - a scroll of immolation
 e - 3 scrolls of noise {unknown}
 g - a scroll of teleportation {unknown}
 j - 2 scrolls of identify {unknown}
 m - a scroll of fog {unknown}
Potions
 i - a potion of cancellation {unknown}
 k - a potion of heal wounds {unknown}
 l - a potion of brilliance {unknown}
 n - 2 potions of flight {unknown}


   Skills:
 - Level 1.5 Fighting
 - Level 2.6 Ranged Weapons
 - Level 1.5 Dodging
 - Level 0.3 Stealth
 + Level 1.8 Shields
 + Level 2.0 Unarmed Combat


You had 2 spell levels left.
You didn't know any spells.
Your spell library contained the following spells:

 Spells                   Type           Power      Damage    Failure   Level
 Sting                    Tmut/Pois      0%         1d3       47%         1
 Blink                    Tloc           0%         N/A       63%         2
 Poisonous Vapours        Pois/Air       0%         N/A       63%         2
 Manifold Assault         Tloc           0%         N/A       99%         4
 Olgreb's Toxic Radiance  Pois           0%         N/A       99%         4
 Storm Form               Tmut/Air       0%         N/A       100%        7


Dungeon Overview and Level Annotations

Branches:
Dungeon (2/15)

Altars:

Annotations:
D:3 Terence


Innate Abilities, Weirdness & Mutations

You are too large for most types of armour.
You have claws for hands.
Your natural rate of healing is unusually fast.
You are covered in fur. (AC +1)
You have tough skin. (AC +1)


Message History

Terence the Incautious comes into view.
He is wielding a +0 hand axe and wearing a +0 scale mail of fire resistance.
There are monsters nearby!
The kobold throws a stone.
The stone barely misses you.
You aren't carrying any items that you can evoke.
A kobold is nearby!
Unknown command.
The kobold throws a stone.
The stone hits you but does no damage. The kobold hits you but does no damage.
You barely miss the kobold.
The kobold hits you with a +0 short sword.
You barely miss the kobold. You closely miss the kobold.
The kobold hits you but does no damage.
You scratch the kobold but do no damage.
The kobold hits you but does no damage.
You claw the kobold!
You kill the kobold!
Things that are here:
a +0 short sword; 4 stones
Found a fuming sapphire potion.
A hobgoblin comes into view.
Found a ring mail.
The hobgoblin shouts!
A jelly comes into view.
Found a scroll labelled JEOPRE IFOATUO.
You scratch the jelly but do no damage.
Your claws burn!
The jelly barely misses you. The hobgoblin hits you.
You scratch the jelly.
Your claws burn!
The jelly is moderately wounded.
A ball python comes into view.
The jelly hits you. The acid corrodes you!
You are splashed with acid!
The hobgoblin barely misses you.
You scratch the jelly.
Your claws burn!
The jelly is severely wounded.
The jelly closely misses you. The hobgoblin hits you.
You barely miss the jelly. You claw the jelly.
The jelly is almost dead.
The jelly hits you.
You are splashed with acid!
* * * LOW HITPOINT WARNING * * *
The hobgoblin hits you.
You die...

#. ..................
#...#####.#............
........#.#).....#.....
............###.##.....
........#.### #.# ....
#...#####.# ##.# ...
#.........##..... ...
#...#####.J.[...(. #
#@##.##.### #g##.##.#
#.!. ... .... #.# .....
..S.... .......#
##.?...##


You could see a jelly, a hobgoblin and a ball python.

Vanquished Creatures
  A gnoll (D:1)
  A dart slug (D:2)
  3 ball pythons (D:1)
  3 endoplasms (D:1)
  A giant cockroach (D:1)
  3 goblins
  A hobgoblin (D:1)
  4 jackals (D:1)
  5 kobolds
  3 bats
  A frilled lizard (D:1)
  A rat (D:1)
27 creatures vanquished.

Notes
Turn   | Place    | Note
-------+----------+-------------------------------------------
     0 | D:1      | billz999 the Troll Hunter began the quest for the Orb.
     0 | D:1      | Reached XP level 1. HP: 19/19 MP: 0/0
   289 | D:1      | Reached skill level 1 in Unarmed Combat
   316 | D:1      | Reached XP level 2. HP: 27/27 MP: 1/1
   345 | D:1      | Reached skill level 1 in Shields
   833 | D:1      | Reached XP level 3. HP: 29/33 MP: 2/2
  1010 | D:2      | You fall into a shaft and drop 1 floor!
  1024 | D:3      | Noticed Terence
  1052 | D:3      | HP: 1/33 [acid (9)]
  1052 | D:3      | Slain by a hobgoblin

Illustrated notes

Levels and vault maps discovered:
D:1:      dpeg_arrival_brainrot, layout_basic
D:2:      layout_basic, serial_shops, nicolae_square_shop, shop,
          nicolae_shop_hallway_plus
D:3:      layout_loops_cross, dreamdust_ecumenical_altar_statues, uniq_terence,
          uniq_natasha, uniq_ijyb, uniq_grinder

Skill      XL: |  1  2  3 |
---------------+----------+-----
Unarmed Combat | 1 2 |  2.0
Shields        | 1 |  1.8
Fighting       | |  1.5
Ranged Weapons | |  2.6
Dodging        | |  1.5
Stealth        | |  0.3

Action                     || total
---------------------------++-------
  Melee: Unarmed           ||    55
         Punch             ||     1
   Fire: Shortbow          ||    26
   Stab: Sleeping          ||     1
 Armour: Robe              ||    23
  Dodge: Dodged            ||    30

Table legend: (Time is in decaauts)
 A = Elapsed time spent in this place.
 B = Non-inter-level travel time spent in this place.
 C = Inter-level travel time spent in this place.
 D = Time resting spent in this place.
 E = Time spent auto-exploring this place.
 F = Levels seen in this place.
 G = Mean time per level.
                   A        B        C        D        E       F      G
               +--------+--------+--------+--------+--------+-----+--------+
         Total |   1058 |   1006 |     52 |      0 |    819 |   3 |  352.7 |
       Dungeon |   1058 |   1006 |     52 |      0 |    819 |   3 |  352.7 |
               +--------+--------+--------+--------+--------+-----+--------+

Top non-repeatable levels by time:
     D:1: 901 daAuts
     D:2: 114 daAuts
     D:3: 41 daAuts
